 Dungeon Crawl Stone Soup version 0.20.1-1-g8b1a95d (webtiles) character file.

247 jmlagarto the Skirmisher (level 5, -1/43 HPs)
             Began as a Demonspawn Chaos Knight on Sept 26, 2017.
             Slain by Dirian's ghost (7 damage)
             ... on level 3 of the Dungeon.
             The game lasted 00:04:33 (1773 turns).

jmlagarto the Skirmisher (Demonspawn Chaos Knight)  Turns: 1773, Time: 00:04:36

Health: -1/43      AC:  8    Str: 14    XL:     5   Next: 85%
Magic:  5/5        EV:  9    Int: 13    God:    Xom [*.....]
Gold:   110        SH:  0    Dex: 12    Spells: 4/4 levels left

rFire    . . .     SeeInvis .   t - +3 quarterstaff (chaos)
rCold    + . .     Gourm    .   (shield currently unavailable)
rNeg     . . .     Faith    .   l - +0 scale mail
rPois    .         Spirit   .   (helmet restricted)
rElec    .         Reflect  .   u - +1 cloak {MR+}
rCorr    +         Harm     .   (no gloves)
MR       +....                  (no boots)
Stlth    ..........             o - amulet of regeneration
Regen    0.6/turn               i - ring of resist corrosion
MPRegen  0.1/turn               (no ring)

@: very slightly contaminated
A: antennae 1, claws 2, cold resistance 1
a: Renounce Religion


You were on level 3 of the Dungeon.
You worshipped Xom.
You were a special plaything of Xom.
You were full.

You visited 1 branch of the dungeon, and saw 3 of its levels.

You collected 110 gold pieces.

Inventory:

Hand Weapons
 a - a +0 falchion of chaos
 d - a +2 scythe of venom
 k - a +2 hand axe of draining
 t - a +3 quarterstaff of chaos (weapon)
Armour
 b - a +2 leather armour
 e - a scarf of resistance
 l - a +0 scale mail (worn)
 u - a +1 cloak of magic resistance (worn)
Jewellery
 i - a ring of resist corrosion (left claw)
 o - an amulet of regeneration (around neck)
Wands
 j - a wand of random effects (29/48)
Scrolls
 f - a scroll of enchant weapon {unknown}
 g - a scroll of teleportation {unknown}
 n - a scroll of identify {unknown}
 r - a scroll of remove curse {unknown}
 s - a scroll of blinking {unknown}
Potions
 h - a potion of curing {unknown}
 m - 2 potions of haste {unknown}
 q - a potion of flight {unknown}
Comestibles
 c - 4 bread rations


   Skills:
 + Level 4.4 Fighting
 + Level 4.0 Long Blades
 + Level 0.6(1.1) Axes
 + Level 1.1(1.3) Polearms
 + Level 2.8 Armour
 + Level 1.5 Dodging


You had 4 spell levels left.
You didn't know any spells.

Dungeon Overview and Level Annotations

Branches:
Dungeon (3/15)

Altars:

Annotations:
D:3 Dirian's ghost, amateur MiFi


Innate Abilities, Weirdness & Mutations

You have a pair of small antennae on your head.
You have very sharp fingernails.
Your flesh is cold resistant. (rC+)


Message History

Dirian's ghost hits you. The orc misses you.
You hit Dirian's ghost but do no damage.
Dirian's ghost seems to speed up.
Dirian's ghost is almost destroyed.
Dirian's ghost hits you but does no damage.
The orc hits you but does no damage.
Dirian's ghost hits you but does no damage.
You hit Dirian's ghost.
Dirian's ghost seems to slow down.
Dirian's ghost is almost destroyed.
The orc hits you. Dirian's ghost hits you.
* * * LOW HITPOINT WARNING * * *
The orc hits you.
* * * LOW HITPOINT WARNING * * *
You closely miss Dirian's ghost.
Dirian's ghost is almost destroyed.
Dirian's ghost is no longer moving slowly.
Dirian's ghost hits you.
* * * LOW HITPOINT WARNING * * *
The orc barely misses you. Dirian's ghost hits you!
You die...

# .# .#
####.#..#
###.###........
(.............#
#<# ##.#
###W##....#
#.o@..# #.#.#.#
#.............#
..###.#%#.#####
#....... # ###
###


You could see Dirian's ghost and an orc.

Vanquished Creatures
  Crazy Yiuf (D:2)
  Terence (D:2)
  2 adders (D:2)
  2 worms (D:2)
  2 dart slugs (D:1)
  2 leopard geckos (D:1)
  7 bats
  4 giant cockroaches (D:1)
  3 goblins
  5 hobgoblins
  A quokka (D:2)
  A frilled lizard (D:2)
  5 kobolds
  5 rats
41 creatures vanquished.

Vanquished Creatures (collateral kills)
  Sigmund (D:2)
1 creature vanquished.

Grand Total: 42 creatures vanquished

Notes
Turn   | Place    | Note
-------+----------+-------------------------------------------
     0 | D:1      | jmlagarto the Demonspawn Chaos Knight began the quest for the Orb.
     0 | D:1      | Reached XP level 1. HP: 18/18 MP: 1/1
   100 | D:1      | Gained mutation: You have sharp fingernails. [demonic ancestry]
   100 | D:1      | Reached XP level 2. HP: 20/24 MP: 2/2
   179 | D:1      | Reached skill level 1 in Dodging
   192 | D:1      | XOM: cloud trail
   245 | D:1      | XOM: harmless Erth miscast
   416 | D:1      | XOM: harmless Tloc miscast
   598 | D:2      | Gained mutation: Your flesh is cold resistant. (rC+) [demonic ancestry]
   598 | D:2      | Reached XP level 3. HP: 26/30 MP: 3/3
   623 | D:2      | Noticed Terence
   625 | D:2      | XOM: divination: magic mapping
   626 | D:2      | XOM: potion effect (haste)
   629 | D:2      | Killed Terence
   936 | D:2      | Noticed Sigmund
   941 | D:2      | XOM: summons 2 friendly demons
   943 | D:2      | Killed Sigmund
   943 | D:2      | Gained mutation: You have a pair of small antennae on your head. [demonic ancestry]
   943 | D:2      | Reached XP level 4. HP: 35/37 MP: 4/4
   943 | D:2      | Gained mutation: You have very sharp fingernails. [demonic ancestry]
   943 | D:2      | Reached XP level 5. HP: 40/42 MP: 5/5
  1201 | D:2      | Found a runed door.
  1690 | D:2      | Noticed Crazy Yiuf
  1694 | D:2      | Killed Crazy Yiuf
  1694 | D:2      | Reached skill level 1 in Polearms
  1761 | D:3      | Noticed Dirian's ghost (amateur MiFi)
  1773 | D:3      | Slain by Dirian's ghost

Skill      XL: |  1  2  3  4  5 |
---------------+----------------+-----
Long Blades    | 3 4 |  4.0
Dodging        | 1 |  1.5
Armour         | 2 |  2.8
Fighting       | 4 |  4.4
Polearms       | 1 |  1.1
Axes           | |  0.6

Action                   |  1- 3 |  4- 6 || total
-------------------------+-------+-------++-------
Melee: Falchion          |    56 |       ||    56
       Hand axe          |    11 |       ||    11
       Scythe            |       |    62 ||    62
       Quarterstaff      |       |    11 ||    11
 Stab: Paralysed         |     1 |       ||     1
       Invisible         |       |     1 ||     1
  Eat: Royal jelly       |     1 |       ||     1
       Meat ration       |       |     1 ||     1
Armor: Leather armour    |    31 |       ||    31
       Scale mail        |     6 |    59 ||    65
Dodge: Dodged            |    49 |    74 ||   123
       Rpst.: Falchion   |    11 |       ||    11
